 Dungeon Crawl Stone Soup version 0.29-a0-555-g3b24f45cc1 (webtiles) character file.

Game seed: 1605065978931496755

134234 RancidPinata the Warrior (level 17, -8/115 HPs)
             Began as a Gargoyle Delver on Jan 26, 2022.
             Was the Champion of Okawaru.
             Mangled by a spriggan defender
             ... wielding a +3 quick blade
             ... led by the Enchantress
              (12 damage)
             ... on level 1 of the Depths on June 7, 2022.
             The game lasted 02:44:25 (38680 turns).

RancidPinata the Warrior (Gargoyle Delver)         Turns: 38680, Time: 02:44:25

Health: -8/115     AC: 34    Str: 45    XL:     17   Next: 16%
Magic:  29/29      EV: 19    Int: 11    God:    Okawaru [******]
Gold:   2281       SH:  7    Dex: 22    Spells: 32/32 levels left

rFire   + . .      SeeInvis +   F - +6 flail of the Median {venom, Str+6}
rCold   x . .      Faith    .   v - +3 buckler of the Villain {rC- Will++ Dex+2 SInv}
rNeg    + . .      Spirit   .   I - +4 scale mail of the Echidna {Drain Regen+ Slay+5}
rPois   ∞          Reflect  .   B - +0 helmet of Patience {Drain rF+ Str+8 Dex+3}
rElec   +          Harm     .   Y - scarf {repulsion}
rCorr   .          Rampage  .   (no gloves)
Will    +++..      Clarity  +   E - +1 pair of boots of Subjectivity {Str+7}
Stlth   +++.......              (no amulet)
HPRegen 1.09/turn               b - +4 ring of protection
MPRegen 0.21/turn               j - +6 ring of dexterity

@: silenced, flying, repel missiles
A: sickness immunity, AC +12, big wings, negative energy resistance 1,
electricity resistance, torment resistance 1, petrification resistance, clarity,
sturdy frame 1
a: Renounce Religion


You were on level 1 of the Depths.
You worshipped Okawaru.
Okawaru was exalted by your worship.
You visited 5 branches of the dungeon, and saw 25 of its levels.
You also visited: Gauntlet.

You collected 3521 gold pieces.
You spent 1240 gold pieces at shops.

Inventory:

Hand Weapons
 A - a +4 spectral flail
 F - the +6 flail of the Median (weapon) {venom, Str+6}
   (You found it on level 6 of the Dungeon)

   It poisons the flesh of those it strikes.
   Str:       It affects your strength (+6).
Missiles
 e - 538 stones
 f - 19 silver javelins
 l - 4 atropa-tipped darts
 n - 2 datura-tipped darts
 o - 20 boomerangs (quivered)
 u - 4 silver boomerangs
 D - 92 poisoned darts
 J - 7 throwing nets
 R - 11 javelins
Armour
 m - the +3 pair of seven-league boots {Rampage+∞}
   (You bought it in a shop on level 1 of the Dungeon)

   Its wearer moves as far as possible in that direction when moving towards
   enemies.
 v - the +3 buckler of the Villain (worn) {rC- Will++ Dex+2 SInv}
   (Okawaru gifted it to you on level 2 of the Orcish Mines)

   Dex:       It affects your dexterity (+2).
   rC:        It makes you vulnerable to cold.
   SInv:      It lets you see invisible.
   Will:      It greatly increases your willpower.
 w - the +4 buckler "Etotue" {+Inv}
   (You acquired it on level 1 of the Orcish Mines)

   +Inv:      It lets you turn invisible.
 B - the +0 helmet of Patience (worn) {Drain rF+ Str+8 Dex+3}
   (You found it in a Gauntlet)

   Str:       It affects your strength (+8).
   Dex:       It affects your dexterity (+3).
   rF:        It protects you from fire.
   Drain:     It drains your maximum health when unequipped.
 E - the +1 pair of boots of Subjectivity (worn) {Str+7}
   (Okawaru gifted it to you on level 4 of the Lair of Beasts)

   Str:       It affects your strength (+7).
 I - the +4 scale mail of the Echidna (worn) {Drain Regen+ Slay+5}
   (Okawaru gifted it to you on level 6 of the Lair of Beasts)

   Slay:      It affects your accuracy & damage with ranged weapons and melee
   (+5).
   Regen:     It increases your rate of health regeneration.
   Drain:     It drains your maximum health when unequipped.
 N - the +1 cloak of the Moon {rElec rF- Dex+3}
   (Okawaru gifted it to you on level 9 of the Dungeon)

   Dex:       It affects your dexterity (+3).
   rF:        It makes you vulnerable to fire.
   rElec:     It insulates you from electricity.
 Y - a scarf of repulsion (worn)
Jewellery
 b - a +4 ring of protection (left hand)
 j - a +6 ring of dexterity (right hand)
 M - the ring "Kisu" {Slay+3 SInv}
   (You took it off a spriggan on level 6 of the Lair of Beasts)

   [ring of see invisible]

   Slay:      It affects your accuracy & damage with ranged weapons and melee
   (+3).
   SInv:      It lets you see invisible.
 X - the ring of the Villain {Ice rN+ MP-9 Str+4 Int+5}
   (You found it on level 5 of the Lair of Beasts)

   [ring of ice]

   It enhances your ice magic.
   Str:       It affects your strength (+4).
   Int:       It affects your intelligence (+5).
   rF:        It makes you vulnerable to fire.
   rC:        It protects you from cold.
   rN:        It protects you from negative energy.
   MP:        It affects your magic capacity (-9).
Wands
 g - a wand of digging (7)
 C - a wand of acid (12)
 O - a wand of iceblast (26)
 P - a wand of paralysis (10)
 T - a wand of polymorph (15)
 Z - a wand of mindburst (14)
Scrolls
 c - 6 scrolls of fog
 d - 7 scrolls of magic mapping
 h - a scroll of enchant armour
 i - 4 scrolls of vulnerability
 p - 4 scrolls of immolation
 s - 5 scrolls of teleportation
 x - 2 scrolls of holy word
 y - 3 scrolls of blinking
 H - a scroll of amnesia
 K - 3 scrolls of brand weapon
 U - a scroll of identify
Potions
 a - 4 potions of curing
 k - a potion of mutation
 q - 7 potions of brilliance
 r - 7 potions of lignification
 t - 2 potions of haste
 G - 2 potions of berserk rage
 L - 2 potions of magic
 Q - 2 potions of invisibility
 V - 6 potions of heal wounds
 W - 3 potions of ambrosia
Miscellaneous
 S - a lightning rod (4/4)


   Skills:
 * Level 15.9 Fighting
 * Level 14.5 Maces & Flails
 + Level 6.5 Throwing
 + Level 11.9 Armour
 * Level 10.6 Dodging
 - Level 10.6 Stealth
 * Level 8.4 Spellcasting
 * Level 9.0 Evocations


You had 32 spell levels left.
You didn't know any spells.
Your spell library contained the following spells:

 Spells                   Type           Power      Damage    Failure   Level
 Foxfire                  Conj/Fire      16%        2x1d4     26%         1
 Ensorcelled Hibernation  Hex/Ice        8%         N/A       36%         2
 Wereblood                Tmut           4%         N/A       36%         2
 Conjure Flame            Conj/Fire      4%         6-21      61%         3
 Gell's Gravitas          Tloc           4%         N/A       61%         3
 Ignite Poison            Fire/Tmut/Pois 4%         N/A       61%         3
 Inner Flame              Hex/Fire       4%         N/A       61%         3
 Lesser Beckoning         Tloc           4%         N/A       61%         3
 Mephitic Cloud           Conj/Pois/Air  4%         N/A       61%         3
 Spider Form              Tmut/Pois      4%         N/A       61%         3
 Teleport Other           Tloc           4%         N/A       61%         3
 Anguish                  Hex/Necr       2%         N/A       95%         4
 Cause Fear               Hex            2%         N/A       95%         4
 Flame Wave               Conj/Fire      4%         2d5       95%         4
 Freezing Cloud           Conj/Ice/Air   2%         6-21      100%        5
 Conjure Ball Lightning   Conj/Air       2%         3x3d6     100%        6
 Dragon Form              Tmut           2%         N/A       100%        7
 Discord                  Hex            2%         N/A       100%        8
 Disjunction              Tloc           2%         N/A       100%        8
 Polar Vortex             Ice            2%         N/A       100%        9
 Summon Small Mammal      Summ           Unusable   N/A       N/A         1
 Sublimation of Blood     Necr           Unusable   N/A       N/A         2
 Call Canine Familiar     Summ           Unusable   N/A       N/A         3
 Summon Guardian Golem    Hex/Summ       Unusable   N/A       N/A         3
 Simulacrum               Ice/Necr       Unusable   N/A       N/A         6
 Summon Hydra             Summ           Unusable   N/A       N/A         7
 Dragon's Call            Summ           Unusable   N/A       N/A         9

Dungeon Overview and Level Annotations

Branches:
Dungeon (15/15)            Temple (1/1) D:7            Lair (6/6) D:8
 Shoals (0/4) Lair:2       Spider (0/4) Lair:3        Slime (0/5) Lair:5
    Orc (2/2) D:10            Elf (0/3) Orc:2        Vaults (0/5) D:14
 Depths (1/4) D:15        Gauntlet (visited)

Altars:
Ashenzari
Cheibriados
Dithmenos
Elyvilon
Fedhas
Gozag
Hepliaklqana
Kikubaaqudgha
Makhleb
Nemelex Xobeh
Okawaru
Qazlal
Ru
Sif Muna
Trog
Uskayaw
Vehumet
Wu Jian
Xom
Yredelemnul
Zin
The Shining One
Beogh
Lugonu

Shops:
D:1 [   D:4 (   D:12 *   Orc:2 :(*[

Portals:
Abyss: Lair:6
Trove: D:11 (give 12 scrolls of teleportation)

Annotations:
Lair:1 3 runed translucent doors, siradein's ghost, journeyman DrFE
Lair:5 exclusion: 4 oklob plants
Depths:1 the Enchantress


Innate Abilities, Weirdness & Mutations

You are immune to sickness and miasma.
Your stone body is resilient. (AC +12)
You are immune to poison.
Your large and strong wings let you fly.
You resist negative energy. (rN+)
You are resistant to electric shocks. (rElec)
You are resistant to unholy torment.
You are immune to petrification.
You possess an exceptional clarity of mind.
Your movements are slightly less encumbered by armour. (ER -2)


Message History

Okawaru accepts your kill.
The spriggan defender hits you with a +3 quick blade.
Your Evocations skill increases to level 9!
You closely miss the Enchantress.
The Enchantress hits you but does no damage.
You blink.
The spriggan defender hits you but does no damage.
The spriggan defender hits you with a +3 quick blade!!
You bludgeon the spriggan defender!!
The spriggan defender is moderately wounded.
The spriggan defender hits you with a +3 quick blade.
The spriggan defender hits you with a +3 quick blade!!
The Enchantress closely misses you.
You sock the Enchantress!
The Enchantress is poisoned.
The Enchantress is lightly wounded.
You block the spriggan defender's attack.
You bludgeon the Enchantress!!
The Enchantress looks as sick as possible!
The Enchantress is heavily wounded.
The Enchantress hits you but does no damage.
Space warps horribly around you!!
The spriggan defender hits you but does no damage.
The spriggan berserker hits you with a +0 hand axe.
* * * LOW HITPOINT WARNING * * *
The spriggan defender attacks as you move away!
The spriggan defender closely misses you.
The spriggan berserker attacks as you move away!
The spriggan berserker hits you with a +0 hand axe!
* * * LOW HITPOINT WARNING * * *
The spriggan defender hits you with a +3 quick blade.
* * * LOW HITPOINT WARNING * * *
The Enchantress misses you.
A spriggan air mage comes into view.
The spriggan berserker attacks as you move away!
The spriggan berserker closely misses you.
The spriggan air mage waves its arms in wide circles.
The air twists around and strikes you!
* * * LOW HITPOINT WARNING * * *
The spriggan defender hits you with a +3 quick blade!
You die...

### ### #.## #.#
#####[.####.#
#....@##...#########
#.....i.i..#..i...i#
#...###i...#ii...iii
#### ##i..#)#
#...ii# #######


You could see the Enchantress (repels missiles, extremely poisoned), 2 spriggan
defenders, a spriggan berserker, a spriggan air mage (repels missiles) and a
spriggan.

Vanquished Creatures
  Gastronok (Lair:2)
  An orc warlord (Orc:2)
  A spriggan defender (Depths:1)
  Nessos (D:12)
  A dire elephant (shapeshifter) (D:9)
  A minotaur (Gauntlet)
  The ghost of axecop the Cleaver, a journeyman HODe of Beogh (D:11)
  2 great orbs of eyes
  An ice dragon (Depths:1)
  Harold (D:7)
  4 vault guards (D:14)
  A rakshasa (D:14)
  7 boulder beetles
  13 hydras
  Erolcha (D:12)
  6 centaur warriors
  The ghost of ragingrage the Ogre Mage, a novice OgFE of Vehumet (D:9)
  A tengu warrior (D:15)
  22 death yaks
  5 two-headed ogres
  4 orc high priests (Orc:2)
  4 thrashing horrors (Lair:6)
  A spriggan berserker (Depths:1)
  Urug (D:10)
  2 skeletal warriors (D:15)
  A flayed ghost (D:15)
  A swamp dragon (Lair:5)
  A sphinx zombie (D:15)
  A large abomination (Lair:6)
  7 orc knights
  A wizard (D:15)
  A necromancer (D:15)
  2 deep elf pyromancers
  11 orc sorcerers
  A salamander (shapeshifter) (D:9)
  4 manticores
  A sphinx skeleton (D:15)
  16 ugly things
  An elephant (shapeshifter) (Lair:6)
  A fire giant zombie (D:15)
  24 elephants
  4 cyclopes
  A merfolk siren (Lair:2)
  A rust devil (Gauntlet)
  8 black mambas
  A torpor snail (Lair:6)
  12 cane toads
  7 rime drakes
  14 komodo dragons
  An unseen horror (D:12)
  Psyche (D:10)
  3 kobold demonologists
  2 tengu conjurers
  2 ancient zymes (Lair:6)
  A meliai (Lair:3)
  A polar bear (Lair:5)
  8 hornets
  5 trolls
  6 slime creatures
  A meliai zombie (D:11)
  7 dream sheep (Lair:4)
  20 blink frogs
  A culicivora (shapeshifter) (D:14)
  2 spriggans (Lair:6)
  4 ynoxinuls
  2 shadows
  11 small abominations (Lair:6)
  A spriggan skeleton (D:15)
  49 yaks
  4 wraiths
  Eustachio (D:3)
  8 wyverns
  A golden eye (shapeshifter) (D:15)
  4 basilisks
  6 vampire mosquitoes
  2 chaos spawn (Lair:6)
  3 steam dragons
  7 wargs
  3 swamp worms (Lair:5)
  2 acid dragons
  20 water moccasins
  A floating eye (D:14)
  2 black bears
  A sky beast (D:6)
  2 swamp drakes (Lair:5)
  2 ice beasts
  49 orc warriors
  3 necrophages
  9 ogres
  13 wolves
  6 centaurs
  A phantom (D:7)
  11 kobold brigands
  2 gnoll sergeants
  5 scorpions
  8 bullfrogs
  9 wights
  5 killer bees
  2 electric eels
  A howler monkey (D:9)
  3 bullfrog zombies
  3 hounds
  7 centaur zombies
  A jelly (D:8)
  2 gnoll shamans
  27 orc priests
  2 bullfrog skeletons (D:5)
  2 iron imps (Gauntlet)
  3 iguanas
  36 orc wizards
  6 hell rats (Lair:5)
  A mummy (D:8)
  A howler monkey zombie (D:10)
  20 gnolls
  7 adders
  An ufetubus (D:7)
  A worm (D:3)
  A dart slug (D:5)
  119 orcs
  5 endoplasms
  4 giant cockroaches
  3 goblins
  7 hobgoblins
  2 quokkas
  8 ball pythons
  4 bats
  4 frilled lizards
  3 hobgoblin zombies (D:8)
  19 kobolds
  A kobold zombie (D:8)
  5 rats
835 creatures vanquished.

Vanquished Creatures (others)
  An orc priest (Orc:2)
  2 orcs (Orc:2)
  2 bushes (Lair:5)
  A demonic plant (Gauntlet)
  86 fungi
  101 plants
  8 withered plants (D:15)
201 creatures vanquished.

Grand Total: 1036 creatures vanquished

Notes
Turn   | Place    | Note
-------+----------+-------------------------------------------
     0 | D:5      | RancidPinata the Gargoyle Delver began the quest for the
                  | Orb.
     0 | D:5      | Reached XP level 1. HP: 14/14 MP: 1/1
     1 | D:6      | Noticed an orc wizard
     1 | D:6      | Noticed an orc priest
   157 | D:4      | Reached XP level 2. HP: 18/19 MP: 2/2
   184 | D:4      | Noticed a necrophage
   211 | D:5      | Noticed a scorpion
   294 | D:5      | Noticed an ogre
   843 | D:4      | Noticed Eustachio
  1068 | D:3      | Reached XP level 3. HP: 17/24 MP: 3/3
  1343 | D:3      | Reached skill level 1 in Armour
  1684 | D:4      | Noticed a black bear
  1927 | D:2      | Reached XP level 4. HP: 27/29 MP: 4/4
  2745 | D:1      | Found Foxuy's Antique Armour Shop.
  2782 | D:1      | Found a faded altar of an unknown god.
  2874 | D:1      | Reached skill level 4 in Fighting
  4031 | D:3      | Reached XP level 5. HP: 33/33 MP: 5/5
  4208 | D:3      | Killed Eustachio
  4209 | D:3      | Reached XP level 6. HP: 22/39 MP: 6/6
  5026 | D:4      | Found Xeomonin's Weapon Emporium.
  5259 | D:4      | Killed a black bear
  5260 | D:4      | Reached skill level 5 in Fighting
  5260 | D:4      | Reached XP level 7. HP: 40/44 MP: 7/7
  6032 | D:4      | Upgraded the game from 0.29-a0-2-g12fcac58f8 to
                  | 0.29-a0-40-g8eb35efe60
  6384 | D:4      | Reached skill level 5 in Maces & Flails
  6537 | D:5      | Reached skill level 6 in Fighting
  6537 | D:5      | Reached XP level 8. HP: 49/51 MP: 8/8
  7019 | D:5      | Identified the +1 plate armour of Okawaru's Whim {Int+6}
  8003 | D:6      | Reached skill level 7 in Fighting
  8250 | D:6      | Reached XP level 9. HP: 31/57 MP: 9/9
  8471 | D:6      | Identified the +6 flail of the Median {venom, Str+6}
  8712 | D:6      | Identified the +1 leather armour of Lethargy {Harm rN+ MP-9
                  | Int+2}
  9120 | D:5      | Reached skill level 8 in Fighting
  9383 | D:7      | Reached skill level 5 in Armour
  9383 | D:7      | Noticed Harold
  9396 | D:7      | Killed Harold
  9397 | D:7      | Reached XP level 10. HP: 37/65 MP: 10/10
  9581 | D:7      | Found a staircase to the Ecumenical Temple.
  9589 | Temple   | Entered the Ecumenical Temple
  9647 | Temple   | Became a worshipper of Warmaster Okawaru
 10160 | D:7      | Reached skill level 9 in Fighting
 10316 | D:8      | Noticed a two-headed ogre
 10854 | D:8      | Reached * piety under Okawaru
 10855 | D:8      | Reached skill level 5 in Dodging
 11933 | D:8      | Found a snail-covered altar of Cheibriados.
 11969 | D:8      | Killed a two-headed ogre
 11969 | D:8      | Reached ** piety under Okawaru
 12048 | D:8      | Found a hazy altar of Hepliaklqana.
 12055 | D:8      | Found a shimmering blue altar of Sif Muna.
 12063 | D:8      | Found a hide-covered altar of Uskayaw.
 12070 | D:8      | Found a sparkling altar of Nemelex Xobeh.
 12078 | D:8      | Found a shimmering altar of Xom.
 12085 | D:8      | Found an ancient bone altar of Kikubaaqudgha.
 12090 | D:8      | Found a glowing silver altar of Zin.
 12259 | D:8      | Found a staircase to the Lair.
 12690 | D:8      | Upgraded the game from 0.29-a0-40-g8eb35efe60 to
                  | 0.29-a0-92-gee772dd00f
 12696 | Lair:1   | Entered Level 1 of the Lair of Beasts
 12729 | Lair:1   | Reached skill level 10 in Fighting
 12745 | Lair:1   | Reached XP level 11. HP: 26/72 MP: 8/11
 12927 | Lair:1   | Found a gate leading to a gauntlet.
 12933 | Gauntlet | Entered a Gauntlet
 12933 | Gauntlet | Found a transporter.
 13030 | Gauntlet | Found a transporter.
 13032 | Gauntlet | Found a transporter.
 13044 | Gauntlet | Found a transporter.
 13046 | Gauntlet | Noticed a necromancer
 13046 | Gauntlet | Noticed a death yak
 13046 | Gauntlet | Noticed a death yak
 13047 | Gauntlet | Found a transporter.
 13047 | Gauntlet | Noticed a death yak
 13047 | Gauntlet | Noticed a death yak
 13048 | Gauntlet | Noticed a death yak
 13048 | Gauntlet | Noticed a death yak
 13053 | Gauntlet | Found a transporter.
 13066 | Gauntlet | Noticed a death yak
 13066 | Gauntlet | Noticed a death yak
 13066 | Gauntlet | Noticed a death yak
 13067 | Gauntlet | Noticed a death yak
 13067 | Gauntlet | Noticed a death yak
 13068 | Gauntlet | Noticed a death yak
 13069 | Gauntlet | Found a transporter.
 13092 | Gauntlet | Noticed a red ugly thing
 13095 | Gauntlet | Found a transporter.
 13095 | Gauntlet | Noticed a great orb of eyes
 13105 | Gauntlet | Found a transporter.
 13105 | Gauntlet | Noticed a hell beast
 13121 | Gauntlet | Found a transporter.
 13131 | Gauntlet | Found a transporter.
 13133 | Gauntlet | Found a transporter.
 13188 | Gauntlet | Reached *** piety under Okawaru
 13339 | Gauntlet | Found a transporter.
 13464 | Gauntlet | Paralysed by a great orb of eyes for 4 turns
 13473 | Gauntlet | Killed a great orb of eyes
 13481 | Gauntlet | HP: 1/73 [red ugly thing (20)]
 13483 | Gauntlet | Killed a red ugly thing
 13483 | Gauntlet | Reached **** piety under Okawaru
 13484 | Gauntlet | Gained mutation: You are weak. (Str -2) [potion of
                  | mutation]
 13484 | Gauntlet | Gained mutation: You have hidden genetic defects. [potion
                  | of mutation]
 13486 | Gauntlet | Found a transporter.
 13909 | Gauntlet | Lost mutation: You are weak. (Str -2) [potion of mutation]
 13909 | Gauntlet | Lost mutation: You have hidden genetic defects. [potion of
                  | mutation]
 13909 | Gauntlet | Gained mutation: You are dopey. (Int -2) [potion of
                  | mutation]
 13909 | Gauntlet | Gained mutation: You have an increased reservoir of magic.
                  | (+10% MP) [potion of mutation]
 13910 | Gauntlet | Lost mutation: You are dopey. (Int -2) [potion of mutation]
 13910 | Gauntlet | Lost mutation: You have an increased reservoir of magic.
                  | (+10% MP) [potion of mutation]
 13910 | Gauntlet | Gained mutation: You have a pair of small antennae on your
                  | head. [potion of mutation]
 13910 | Gauntlet | Gained mutation: Your mind is acute. (Int +2) [potion of
                  | mutation]
 13911 | Gauntlet | Lost mutation: Your mind is acute. (Int +2) [potion of
                  | mutation]
 13911 | Gauntlet | Lost mutation: You have a pair of small antennae on your
                  | head. [potion of mutation]
 13911 | Gauntlet | Gained mutation: Your movements are slightly less
                  | encumbered by armour. (ER -2) [potion of mutation]
 13911 | Gauntlet | Gained mutation: You possess an exceptional clarity of
                  | mind. [potion of mutation]
 13916 | Gauntlet | Identified the +0 helmet of Patience {Drain rF+ Str+8
                  | Dex+3}
 14024 | Gauntlet | Noticed a minotaur
 14036 | Gauntlet | Killed a minotaur
 14456 | Lair:1   | Reached skill level 11 in Fighting
 14481 | Lair:1   | Reached skill level 10 in Maces & Flails
 14485 | Lair:1   | Reached skill level 10 in Stealth
 14494 | Lair:1   | Reached ***** piety under Okawaru
 14720 | Lair:1   | Noticed a seven-headed hydra
 14735 | Lair:1   | Killed a seven-headed hydra
 14780 | Lair:1   | HP: 2/74 [blink frog (10)]
 15156 | Lair:1   | Reached XP level 12. HP: 80/80 MP: 12/12
 15163 | Lair:1   | Found a runed translucent gate.
 15163 | Lair:1   | Found a runed translucent gate.
 15163 | Lair:1   | Found a runed translucent gate.
 15163 | Lair:1   | Noticed siradein's ghost (journeyman DrFE)
 15470 | Lair:1   | Noticed an eight-headed hydra
 15487 | Lair:1   | Killed an eight-headed hydra
 15695 | Lair:1   | Reached skill level 12 in Fighting
 16364 | Lair:2   | Received a gift from Okawaru
 16662 | Lair:2   | Reached skill level 1 in Evocations
 16669 | Lair:2   | Reached skill level 1 in Throwing
 16911 | Lair:2   | Found a staircase to the Shoals.
 17185 | Lair:2   | Noticed Gastronok
 17349 | Lair:2   | Killed Gastronok
 17589 | Lair:3   | Upgraded the game from 0.29-a0-92-gee772dd00f to
                  | 0.29-a0-96-g93358da72b
 17608 | Lair:3   | Found a hole to the Spider Nest.
 18042 | Lair:3   | Noticed a boulder beetle
 18054 | Lair:3   | Killed a boulder beetle
 18194 | Lair:3   | Reached XP level 13. HP: 74/87 MP: 13/13
 18496 | Lair:3   | Reached skill level 1 in Spellcasting
 19170 | Lair:4   | Received a gift from Okawaru
 19185 | Lair:4   | Reached skill level 13 in Fighting
 20037 | Lair:4   | Reached ****** piety under Okawaru
 20052 | Lair:4   | Identified the +1 pair of boots of Subjectivity {Str+7}
                  | (Okawaru gifted it to you on level 4 of the Lair of Beasts)
 20052 | Lair:4   | Received a gift from Okawaru
 20557 | Lair:5   | Identified the ring of the Villain {Ice rN+ MP-9 Str+4
                  | Int+5}
 21291 | Lair:5   | Gained mutation: Your large and strong wings let you fly.
                  | [Gargoyle growth]
 21291 | Lair:5   | Reached XP level 14. HP: 22/94 MP: 19/19
 21915 | Lair:4   | Reached skill level 10 in Armour
 21997 | Lair:5   | Reached skill level 5 in Evocations
 22449 | Lair:4   | Received a gift from Okawaru
 22856 | Lair:5   | Found a staircase to the Slime Pits.
 22950 | Lair:5   | Upgraded the game from 0.29-a0-96-g93358da72b to
                  | 0.29-a0-207-gf982a884d8
 23204 | Lair:6   | Entered Level 6 of the Lair of Beasts
 23233 | Lair:6   | Identified the +1 scale mail "Dopamuq" {rPois Regen+ Int-2}
                  | (Okawaru gifted it to you on level 6 of the Lair of Beasts)
 23233 | Lair:6   | Received a gift from Okawaru
 23706 | Lair:6   | Reached skill level 14 in Fighting
 23747 | Lair:6   | Reached skill level 5 in Spellcasting
 23870 | Lair:6   | Identified the ring "Kisu" {Slay+3 SInv}
 24023 | Lair:6   | Received a gift from Okawaru
 24113 | Lair:6   | Identified the +4 scale mail of the Echidna {Drain Regen+
                  | Slay+5} (Okawaru gifted it to you on level 6 of the Lair of
                  | Beasts)
 24113 | Lair:6   | Received a gift from Okawaru
 24114 | Lair:6   | Reached XP level 15. HP: 41/100 MP: 23/23
 24123 | Lair:6   | Found a corrupted altar of Lugonu.
 24123 | Lair:6   | Found a one-way gate to the infinite horrors of the Abyss.
 25321 | Lair:6   | HP: 3/101 [komodo dragon (14)]
 25346 | Lair:6   | Reached skill level 5 in Throwing
 26610 | D:1      | Bought the +3 pair of seven-league boots {Rampage+∞} for
                  | 1200 gold pieces
 26610 | D:1      | Found the +3 pair of seven-league boots {Rampage+∞}
 27763 | D:9      | Found a transporter.
 27798 | D:9      | Found a transporter.
 27808 | D:9      | Noticed ragingrage's ghost (novice OgFE)
 28390 | D:9      | Noticed a frost giant
 28685 | D:9      | Identified the +1 cloak of the Moon {rElec rF- Dex+3}
                  | (Okawaru gifted it to you on level 9 of the Dungeon)
 28685 | D:9      | Received a gift from Okawaru
 28722 | D:9      | Killed ragingrage's ghost
 28886 | D:10     | Entered Level 10 of the Dungeon
 29101 | D:10     | Noticed Urug
 29109 | D:10     | Killed Urug
 29261 | D:10     | Noticed Psyche
 29287 | D:10     | Killed Psyche
 29458 | D:10     | Found a staircase to the Orcish Mines.
 29497 | Orc:1    | Entered Level 1 of the Orcish Mines
 30049 | Orc:1    | Identified 3 scrolls of acquirement
 30049 | Orc:1    | Acquired 392 gold pieces
 30172 | Orc:1    | Acquired the +4 buckler "Etotue" {+Inv}
 30692 | Orc:2    | Entered Level 2 of the Orcish Mines
 30850 | Orc:1    | Upgraded the game from 0.29-a0-207-gf982a884d8 to
                  | 0.29-a0-219-g0a02b1cf4f
 31040 | Orc:2    | Found a staircase to the Elven Halls.
 31184 | Orc:2    | Reached skill level 15 in Fighting
 31736 | Orc:2    | Paralysed by an orc sorcerer for 3 turns
 31803 | Orc:2    | Noticed an orc warlord
 31827 | Orc:2    | Killed an orc warlord
 31828 | Orc:2    | Reached XP level 16. HP: 108/108 MP: 26/26
 32110 | Orc:2    | Found Jonuhian's General Store.
 32111 | Orc:2    | Found Gimm's Book Boutique.
 32112 | Orc:2    | Found Ovilliupn's Antique Armour Shop.
 32112 | Orc:2    | Found Itubluon's Antique Weapon Shop.
 32264 | Orc:2    | Bought a scroll of identify for 28 gold pieces
 32553 | Orc:2    | Identified the +3 buckler of the Villain {rC- Will++ Dex+2
                  | SInv} (Okawaru gifted it to you on level 2 of the Orcish
                  | Mines)
 32553 | Orc:2    | Received a gift from Okawaru
 33652 | D:11     | Found a runed translucent gate.
 33653 | D:11     | Found a runed translucent gate.
 33653 | D:11     | Found a runed translucent gate.
 33656 | D:11     | Noticed axecop's ghost (journeyman HODe)
 33667 | D:11     | Killed axecop's ghost
 33836 | D:11     | Found a portal to a secret trove of treasure.
 33846 | D:11     | Acquired 661 gold pieces
 34211 | D:12     | Noticed Nessos
 34212 | D:12     | Found Lainy's CLEARANCE SALE!.
 34219 | D:12     | Killed Nessos
 34232 | D:12     | Bought a scroll of identify for 12 gold pieces
 34301 | D:12     | Reached skill level 10 in Dodging
 34362 | D:12     | Noticed Erolcha
 34373 | D:12     | Killed Erolcha
 35035 | D:12     | Upgraded the game from 0.29-a0-219-g0a02b1cf4f to
                  | 0.29-a0-284-gf9362112df
 36118 | D:14     | Found a gate to the Vaults.
 36572 | D:14     | Upgraded the game from 0.29-a0-284-gf9362112df to
                  | 0.29-a0-555-g3b24f45cc1
 36761 | D:14     | Received a gift from Okawaru
 36797 | D:14     | Found a burning altar of Makhleb.
 37019 | D:14     | Paralysed by a floating eye for 2 turns
 37025 | D:14     | Paralysed by a floating eye for 3 turns
 37039 | D:14     | Paralysed by a floating eye for 2 turns
 37413 | D:15     | Entered Level 15 of the Dungeon
 37570 | D:15     | Received a gift from Okawaru
 37579 | D:15     | Found a staircase to the Depths.
 37662 | D:15     | Received a gift from Okawaru
 37663 | D:15     | Reached XP level 17. HP: 105/115 MP: 29/29
 38534 | Depths:1 | Entered Level 1 of the Depths
 38657 | Depths:1 | Noticed the Enchantress
 38680 | Depths:1 | HP: 4/115 [spriggan air mage/the air[the Enchantress] (15)]
 38680 | Depths:1 | Mangled by a spriggan defender

Illustrated notes

Levels and vault maps discovered:
D:1:      dpeg_arrival_radiant, layout_rooms, serial_shops, shop,
          shapermc_ecumenical_altar_venn, st_stairs_11, minmay_pentomino_q4
D:2:      layout_loops_ring, minmay_misc_feat_enclosed
D:3:      layout_basic, minivault_23
D:4:      layout_cave_pods, serial_shops, kennysheep_mini_moat, serial_rivers,
          chequers_serial_rivers_small_a, chequers_serial_rivers_small_b,
          chequers_serial_rivers_micro_e, chequers_serial_rivers_micro_d,
          chequers_serial_rivers_room_a, chequers_serial_rivers_room_a,
          uniq_eustachio
D:5:      layout_basic, kennysheep_opposing_triangles
D:6:      layout_basic
D:7:      nicolae_cairo_tiling_large, layout_rooms,
          minmay_temple_entry_glassed_door, uniq_harold
D:8:      layout_layer_cave, lemuel_doored_altar,
          grunt_temple_overflow_octagram, grunt_lair_entry_orc_guard_hut,
          serial_glass, glass_columns_a, glass_columns_a, glass_columns_c,
          glass_columns_a, minmay_mini_ossuary
D:9:      layout_stronghold, nzn_ghost_randoct
D:10:     layout_cross, david_orc_5, uniq_urug, uniq_psyche
D:11:     layout_loops_cross, ebering_ghost_rock_garden, enter_trove_2
D:12:     layout_loops_ring, nicolae_shop_clearance, uniq_nessos, uniq_erolcha
D:13:     layout_rooms, special_room [special_room_orc],
          kennysheep_windowed_goal
D:14:     hellmonk_paralyzer, layout_cave_pools,
          lightli_vaults_fourway_checkpoint, serial_glass, glass_columns_a,
          glass_columns_a, bloody_makhleb, kennysheep_generic_room_15
D:15:     gammafunk_depths_entry_grave, layout_small_grid,
          minmay_splitting_lines
Temple:   nicolae_temple_great_sept
Lair:1:   layout_gridlike, gauntlet_entry_generic, ebering_ghost_rock_garden,
          minmay_shattered_shrine
Lair:2:   layout_roguey, minmay_shoals_entry_lonely_mermaid, uniq_gastronok
Lair:3:   layout_roguey, hellmonk_spider_entry_not_the_bees,
          serial_bayou_shore_a, infiniplex_staircase_pool
Lair:4:   layout_loops_ring
Lair:5:   onia_ninara_swampy_vault, layout_misc_corridors,
          minmay_slime_entry_oklob_open, minivault_25
Lair:6:   hellmonk_lair_end_abyssal_woods, layout_regular_city, enter_volcano_1,
          chequers_serial_rivers_room_a
Orc:1:    layout_caves, special_room [special_room_kobold],
          nicolae_orc_pool_cavern, nooodl_orcs_dogs
Orc:2:    st_orc_congregation, layout_diamond_mine
Depths:1: layout_honeycomb, ebering_dispersal_statue_hall, hellmouth_3,
          nicolae_yredelemnul_corpse_copse, uniq_enchantress

Skill      XL: |  1  2  3  4  5  6  7  8  9 10 11 12 13 14 15 16 17 |
---------------+----------------------------------------------------+-----
Armour         | 1 2 3 4 5 6 7 9 10 11 | 11.9
Dodging        | 2 3 4 5 6 7 8 9 10 | 10.6
Maces & Flails | 3 4 5 6 7 9 10 11 12 13 14 | 14.5
Fighting       | 4 5 6 7 8 10 11 12 13 14 15 | 15.9
Stealth        | 6 7 8 9 10 | 10.6
Evocations     | 2 4 6 7 8 9 |  9.0
Throwing       | 2 3 4 5 6 |  6.5
Spellcasting   | 3 5 6 8 |  8.4

Action                   |  1- 3 |  4- 6 |  7- 9 | 10-12 | 13-15 | 16-18 || total
-------------------------+-------+-------+-------+-------+-------+-------++-------
Melee: Mace              |    56 |       |       |       |       |       ||    56
       Flail             |    16 |   112 |   250 |   642 |  1338 |   663 ||  3021
       Hand axe          |       |    16 |       |       |       |       ||    16
       Punch             |       |       |     4 |    16 |    26 |       ||    46
Throw: Boomerang         |       |    10 |    65 |    17 |    35 |     4 ||   131
       Dart              |       |       |       |       |       |     4 ||     4
       Javelin           |       |       |       |       |       |     1 ||     1
Invok: Heroism           |       |       |       |     9 |     7 |     1 ||    17
       Finesse           |       |       |       |     3 |     3 |     1 ||     7
Evoke: Wand              |       |     1 |    11 |       |     1 |     1 ||    14
  Use: Scroll            |     1 |       |     4 |     3 |    19 |    10 ||    37
       Potion            |       |     1 |       |     5 |    11 |     1 ||    18
 Stab: Sleeping          |     5 |     4 |     2 |    10 |    12 |    12 ||    45
       Distracted        |     1 |     1 |       |     1 |     1 |     3 ||     7
Armor: Leather armour    |    30 |    54 |       |       |       |       ||    84
       Ring mail         |       |    53 |   129 |    70 |       |       ||   252
       Steam dragon scal |       |       |       |   194 |   466 |       ||   660
       Scale mail        |       |       |       |       |   141 |   266 ||   407
       Skin              |       |       |       |       |    58 |       ||    58
Dodge: Dodged            |    44 |   114 |   112 |   360 |  1074 |   464 ||  2168
       Repelled          |       |       |       |     1 |     4 |     4 ||     9
Block: Buckler           |       |       |       |       |    57 |   230 ||   287

Table legend: (Time is in decaauts)
 A = Elapsed time spent in this place.
 B = Non-inter-level travel time spent in this place.
 C = Inter-level travel time spent in this place.
 D = Time resting spent in this place.
 E = Time spent auto-exploring this place.
 F = Levels seen in this place.
 G = Mean time per level.
                   A        B        C        D        E       F      G
               +--------+--------+--------+--------+--------+-----+--------+
         Total |  38285 |  37278 |   1007 |  13941 |  10861 |  26 | 1472.5 |
       Dungeon |  20239 |  19649 |    590 |   5956 |   7181 |  15 | 1349.3 |
        Temple |     76 |     76 |      0 |      0 |     49 |   1 |   76.0 |
          Lair |  12982 |  12633 |    349 |   6160 |   2724 |   6 | 2163.7 |
  Orcish Mines |   3539 |   3472 |     67 |    843 |    907 |   2 | 1769.5 |
        Depths |    140 |    140 |      0 |    100 |      0 |   1 |  140.0 |
      Gauntlet |   1306 |   1306 |      0 |    882 |      0 |   1 | 1306.0 |
               +--------+--------+--------+--------+--------+-----+--------+

Top non-repeatable levels by time:
  Lair:5: 3830 daAuts
     D:4: 2673 daAuts
   Orc:2: 2195 daAuts
  Lair:1: 2183 daAuts
  Lair:4: 2142 daAuts
     D:8: 2135 daAuts
     D:5: 1904 daAuts
  Lair:6: 1827 daAuts
     D:6: 1638 daAuts
  Lair:3: 1617 daAuts
     D:3: 1444 daAuts
  Lair:2: 1380 daAuts
   Orc:1: 1343 daAuts
Gauntlet: 1306 daAuts
     D:7: 1279 daAuts
